 Dungeon Crawl Stone Soup version 0.21-a0-584-g185da8e (webtiles) character file.

4498 nikopol the Cleaver (level 10, 0/91 HPs)
             Began as a Minotaur Berserker on Dec 21, 2017.
             Was a High Priest of Trog.
             Slain by a centaur (6 damage)
             ... on level 9 of the Dungeon.
             The game lasted 00:16:49 (7180 turns).

nikopol the Cleaver (Minotaur Berserker)            Turns: 7180, Time: 00:16:50

Health: 0/91       AC:  8    Str: 26    XL:     10   Next: 16%
Magic:  9/9        EV: 15    Int:  4    God:    Trog [*****.]
Gold:   120        SH:  0    Dex: 20    Spells: 9/9 levels left

rFire    . . .     SeeInvis .   r - +2 hand axe (chop)
rCold    . . .     Gourm    .   (no shield)
rNeg     . . .     Faith    .   d - +0 ring mail
rPois    .         Spirit   .   (helmet restricted)
rElec    +         Reflect  .   i - +0 cloak
rCorr    .         Harm     .   (no gloves)
MR       .....                  (no boots)
Stlth    +++.......             (no amulet)
HPRegen  0.25/turn              H - ring "Veaser" {Str+4 Dex+4 Slay+3}
MPRegen  0.11/turn              M - ring "Hoelid" {rElec Dex+3 Stlth+}

@: lethally poisoned (0 -> -1), berserk cooldown, starving, slowed, very slow
A: retaliatory headbutt, horns 2
a: Berserk, Trog's Hand, Brothers in Arms, Burn Spellbooks, Renounce Religion


You were on level 9 of the Dungeon.
You worshipped Trog.
Trog was extremely pleased with you.
You were starving.

You visited 1 branch of the dungeon, and saw 9 of its levels.
You also visited: Sewer.

You collected 477 gold pieces.
You spent 357 gold pieces at shops.

Inventory:

Hand Weapons
 r - a +2 hand axe of chopping (weapon)
 F - a +2 flail of freezing
Missiles
 w - 58 arrows
Armour
 d - a +0 ring mail (worn)
 i - a +0 cloak (worn)
Jewellery
 k - an uncursed ring of resist corrosion
 H - the ring "Veaser" (left hand) {Str+4 Dex+4 Slay+3}
   (You found it on level 7 of the Dungeon)

   [ring of strength]

   It affects your strength (+4).
   It affects your dexterity (+4).
   It affects your accuracy and damage with ranged weapons and melee attacks
   (+3).
 M - the ring "Hoelid" (right hand) {rElec Dex+3 Stlth+}
   (You bought it in a shop on level 8 of the Dungeon)

   [ring of dexterity]

   It affects your dexterity (+3).
   It insulates you from electricity.
   It makes you more stealthy.
Wands
 b - a wand of random effects (27)
 l - a wand of scattershot (6)
 s - a wand of paralysis (5)
 B - a wand of polymorph (14)
Scrolls
 f - 6 scrolls of teleportation {unknown}
 g - a scroll of noise {unknown}
 h - 7 scrolls of identify
 o - 4 scrolls of enchant weapon {unknown}
 x - 2 scrolls of blinking {unknown}
 y - 4 scrolls of fear {unknown}
 A - 3 scrolls of remove curse {unknown}
 C - a scroll of random uselessness {unknown}
 E - a scroll of magic mapping {unknown}
 L - a scroll of fog {unknown}
Potions
 a - a potion of invisibility {unknown}
 e - 2 potions of resistance
 j - 2 potions of haste
 m - 2 potions of lignification
 p - 2 potions of agility
 q - 3 potions of flight
 t - a potion of heal wounds {unknown}
 u - 2 potions of curing
 z - a potion of berserk rage {unknown}
 D - 2 potions of degeneration {unknown}
 I - 2 potions of cancellation {unknown}
Books
 n - a book of Geomancy

   Spells                             Type                      Level
   a - Sandblast                      Earth                        1
   b - Passwall                       Transmutation/Earth          2
   c - Stone Arrow                    Conjuration/Earth            3
   d - Petrify                        Transmutation/Earth          4
   e - Lee's Rapid Deconstruction     Earth                        5
   Trog disapproves of the use of such an item.
Comestibles
 c - 10 rations
 v - a chunk of flesh


   Skills:
 + Level 9.0 Fighting
 + Level 12.0 Axes
 + Level 8.4 Armour
 + Level 5.6 Dodging
 + Level 2.6 Stealth


You had 9 spell levels left.
You didn't know any spells.

Dungeon Overview and Level Annotations

Branches:
Dungeon (9/15)             Temple (0/1) D:7
   Lair: D:8-11         Orc: D:9-12

Altars:
Cheibriados
Makhleb
Ru
Trog
Wu Jian
Xom
Yredelemnul
The Shining One

Shops:
D:8 =


Innate Abilities, Weirdness & Mutations

You reflexively headbutt those who attack you in melee.
You have a pair of horns on your head.


Message History

A centaur comes into view.
The centaur shouts!
The centaur wields a shortbow.
The centaur shoots an arrow.
The arrow hits you.
* * * LOW HITPOINT WARNING * * *
Items here: ( †††† an arrow; a killer bee corpse x4
You are no longer berserk.
You are exhausted.
You feel yourself slow down.
You feel sick.
The centaur unwields an uncursed shortbow.
The centaur barely misses you. The centaur hits you.
* * * LOW HITPOINT WARNING * * *
You barely miss the centaur. The centaur misses you. You furiously retaliate!
You headbutt the centaur, but do no damage.
The centaur misses you. You furiously retaliate!
You headbutt the centaur! You hit the centaur but do no damage.
You headbutt the centaur.
The centaur is severely wounded.
The centaur hits you.
You die...

#.....().....................
#..####(..####...............
#.##..(.(....##......%.......
#. #..)).....##..............
# #.........##.......(......
#.........##..............
####...#####..............
'...'. #..c..)...#....
'...'.( #.@......###...
#...#####.##....>.# ... .....
#(###....... .. #.# #.......
#...# ....... #....(.......
......##..... .......# ...
######### ..


You could see a centaur.

Vanquished Creatures
  A two-headed ogre (D:8)
  Joseph (D:7)
  Grinder (D:5)
  A hungry ghost (D:9)
  Menkaure (D:5)
  2 black bears
  An ice beast (D:8)
  2 orc warriors
  2 sky beasts
  A phantom (D:4)
  3 ogres
  A big kobold (Sewer)
  A wyvern zombie (D:9)
  A bullfrog (D:7)
  A gnoll sergeant (D:9)
  2 scorpions
  9 killer bees (D:9)
  3 wights (D:7)
  3 howler monkeys
  3 crimson imps
  A bullfrog skeleton (D:8)
  6 hounds
  6 orc priests
  A gnoll shaman (D:9)
  2 iguanas
  5 orc wizards
  Ijyb (D:3)
  A worker ant (D:9)
  Robin (D:3)
  11 gnolls (D:9)
  6 adders
  2 river rats (Sewer)
  A shadow imp (D:7)
  2 oozes
  3 adder skeletons
  A worm (D:3)
  A dart slug (D:1)
  7 leopard geckos
  28 orcs
  A ball python (D:8)
  4 giant cockroaches
  12 goblins
  11 hobgoblins
  22 jackals
  12 kobolds
  4 quokkas
  7 bats
  4 frilled lizards
  2 gnoll zombies (D:7)
  8 rats
213 creatures vanquished.

Notes
Turn   | Place    | Note
-------+----------+-------------------------------------------
     0 | D:1      | nikopol the Minotaur Berserker began the quest for the Orb.
     0 | D:1      | Reached XP level 1. HP: 19/19 MP: 0/0
   154 | D:1      | Reached skill level 4 in Axes
   154 | D:1      | Reached XP level 2. HP: 27/27 MP: 1/1
   715 | D:2      | Reached XP level 3. HP: 33/33 MP: 2/2
   736 | D:2      | Reached ** piety under Trog
   968 | D:2      | Reached XP level 4. HP: 40/40 MP: 3/3
   983 | D:2      | Found a burning altar of Makhleb.
  1456 | D:2      | Reached skill level 5 in Axes
  1580 | D:3      | Noticed Ijyb
  1580 | D:3      | Noticed Robin
  1592 | D:3      | Killed Robin
  1594 | D:3      | Paralysed by Ijyb for 4 turns
  1599 | D:3      | Killed Ijyb
  1599 | D:3      | Reached XP level 5. HP: 45/47 MP: 4/4
  1680 | D:3      | Reached skill level 6 in Axes
  1812 | D:3      | Found a glowing drain.
  1816 | Sewer    | Entered a sewer
  1988 | Sewer    | Reached XP level 6. HP: 53/53 MP: 5/5
  1994 | Sewer    | Reached *** piety under Trog
  2166 | Sewer    | Found a glowing silver altar of Zin.
  2227 | D:3      | Reached skill level 5 in Fighting
  2865 | D:3      | You fall through a shaft for 2 floors!
  2865 | D:5      | Entered Level 5 of the Dungeon
  2996 | D:4      | Found a sacrificial altar of Ru.
  3102 | D:4      | Reached skill level 7 in Axes
  3102 | D:4      | Reached XP level 7. HP: 46/61 MP: 6/6
  3513 | D:5      | Reached skill level 1 in Stealth
  3649 | D:5      | Reached **** piety under Trog
  3649 | D:5      | Reached skill level 5 in Armour
  3650 | D:5      | Noticed Grinder
  3651 | D:5      | Noticed Menkaure
  3659 | D:5      | Killed Grinder
  3659 | D:5      | Reached skill level 8 in Axes
  3665 | D:5      | Killed Menkaure
  3665 | D:5      | Reached XP level 8. HP: 25/71 MP: 7/7
  4808 | D:7      | Reached skill level 9 in Axes
  4820 | D:7      | Noticed Joseph
  4835 | D:7      | Killed Joseph
  5093 | D:7      | Reached skill level 10 in Axes
  5094 | D:7      | Reached XP level 9. HP: 79/79 MP: 8/8
  5236 | D:7      | Found a basalt altar of Yredelemnul.
  5371 | D:7      | Found a staircase to the Ecumenical Temple.
  5566 | D:7      | Got a clouded silver ring
  5737 | D:8      | Noticed a two-headed ogre
  5744 | D:8      | Killed a two-headed ogre
  5839 | D:8      | Reached skill level 5 in Dodging
  5902 | D:8      | Reached skill level 11 in Axes
  5912 | D:8      | Found a sacrificial altar of Ru.
  5921 | D:8      | Found a shimmering altar of Xom.
  5922 | D:8      | Found a snail-covered altar of Cheibriados.
  5923 | D:8      | Found an ornate altar of the Wu Jian Council.
  5926 | D:8      | Found a glowing golden altar of the Shining One.
  5957 | D:8      | Found Yrphaiqo's Jewellery Shop.
  5961 | D:8      | Bought the ring "Hoelid" {rElec Dex+3 Stlth+} for 357 gold pieces
  5961 | D:8      | Identified the ring "Veaser" {Str+4 Dex+4 Slay+3} (You found it on level 7 of the Dungeon)
  6189 | D:8      | Reached ***** piety under Trog
  6718 | D:8      | Found a bloodstained altar of Trog.
  7088 | D:9      | Reached XP level 10. HP: 77/90 MP: 9/9
  7170 | D:9      | Reached skill level 12 in Axes
  7180 | D:9      | Slain by a centaur

Vault maps used:
D:1:      dpeg_arrival_tiny_i, minmay_misc_feat_square
D:2:      marbit_many_paths, first_ration
D:3:      gup_sewer_entry_bowl, uniq_ijyb, uniq_robin
D:4:      st_stairs_12, nicolae_ru_great_annihilating_truth
D:5:      uniq_menkaure, uniq_grinder
D:7:      lemuel_zombie_altar_yredelemnul, minmay_temple_entry_large_hall,
          uniq_joseph
D:8:      lightli_temple_of_fire, minitemple, serial_shops, shop
D:9:      serial_gnoll_camp, gnoll_camp_mini_hut, gnoll_camp_medium_02,
          gnoll_camp_mini_basic, gnoll_camp_huts_moat, uniq_erica
Sewer:    sewer_kobolds

Skill      XL: |  1  2  3  4  5  6  7  8  9 10 |
---------------+-------------------------------+-----
Axes           | 4 5 6 7 8 10 11 12 | 12.0
Fighting       | 4 5 6 7 8 9 |  9.0
Armour         | 3 4 5 7 8 |  8.4
Dodging        | 3 4 5 |  5.6
Stealth        | 1 2 |  2.6

Action                   |  1- 3 |  4- 6 |  7- 9 | 10-12 || total
-------------------------+-------+-------+-------+-------++-------
Melee: Hand axe          |    59 |   116 |   179 |    40 ||   394
       Headbutt          |    11 |    25 |    42 |    11 ||    89
Invok: Berserk           |       |     2 |     5 |     1 ||     8
       Burn Spellbooks   |       |       |     1 |       ||     1
  Use: Scroll            |       |       |       |     5 ||     5
       Potion            |       |       |       |     1 ||     1
 Stab: Paralysed         |       |     1 |       |       ||     1
       Sleeping          |       |       |     2 |       ||     2
  Eat: Chunk             |       |     9 |    16 |     1 ||    26
Armor: Ring mail         |    21 |    41 |    44 |     8 ||   114
Dodge: Dodged            |    41 |    45 |   125 |    33 ||   244

Table legend:
 A = Spawn XP
 B = Non-spawn XP
 C = Spawn XP percentage of total XP
 D = Spawn monster count
 E = Non-spawn monster count
 F = Spawn count percentage of total count
 G = Total turns spent on level
                    A         B        C        D         E        F      G
               +---------+---------+-------+---------+---------+-------+---------
         Total |       0 |    6427 |   0.0 |       0 |     213 |   0.0 |  7180
               +---------+---------+-------+---------+---------+-------+---------
           D:1 |       0 |      37 |   0.0 |       0 |      17 |   0.0 |   693
           D:2 |       0 |      96 |   0.0 |       0 |      19 |   0.0 |   887
           D:3 |       0 |     256 |   0.0 |       0 |      40 |   0.0 |   890
           D:4 |       0 |     403 |   0.0 |       0 |      16 |   0.0 |   625
           D:5 |       0 |     671 |   0.0 |       0 |      10 |   0.0 |   788
           D:6 |       0 |     181 |   0.0 |       0 |      11 |   0.0 |   480
           D:7 |       0 |    1319 |   0.0 |       0 |      27 |   0.0 |   915
           D:8 |       0 |    1614 |   0.0 |       0 |      24 |   0.0 |  1226
           D:9 |       0 |    1710 |   0.0 |       0 |      39 |   0.0 |   279
         Sewer |       0 |     140 |   0.0 |       0 |      10 |   0.0 |   397
               +---------+---------+-------+---------+---------+-------+---------
